[Event "2nd Asian Nations Team Cup U14 2019"]
[Site "Shenzhen"]
[Date "2019.12.23"]
[Round "6.2"]
[White "Wang, Xiaozhi"]
[Black "Lam, Chun Yung Samuel"]
[Result "1-0"]
[ECO "D02"]
[WhiteElo "1872"]
[BlackElo "1288"]
[Annotator "NA RC"]
[PlyCount "141"]
[EventDate "2019.12.19"]
[EventType "team-tourn"]
[EventCountry "CHN"]
[SourceTitle "playchess.com"]
[Source "ChessBase"]
[SourceQuality "1"]
[WhiteTeam "China"]
[BlackTeam "Hong Kong"]
[WhiteTeamCountry "CHN"]
[BlackTeamCountry "HKG"]
[TimeControl "5400+30"]

1. d4 d5 2. Bf4 Nf6 3. e3 e6 4. Nf3 Bd6 5. Bg3 O-O 6. Nbd2 Nbd7 {[%emt 0:01:33] D02: 1 d4 d5 2 Nf3 sidelines, including 2...Nf6 3 g3 and 2...Nf6 3 Bf4} (6... b6 7. c3 Bb7 8. Bd3 Nbd7 9. Qc2 Bxg3 10. hxg3 h6 11. Rh4 c5 12. Ne5 Rc8 13. f4 a6 14. a4 cxd4 15. exd4 Nxe5 16. fxe5 {0-1 (35) Carlsen,M (2882)-Aronian,L (2765) Saint Louis 2019}) 7. Bd3 b6 8. Ne5 Bb7 9. Qf3 Qe7 10. Bf4 c5 (10... Bxe5 $5 11. dxe5 Ne4 $11) 11. c3 Bxe5 $146 ({Predecessor:} 11... Rac8 12. Qh3 g6 13. Ndf3 Nh5 14. Bg3 cxd4 15. exd4 {0-1 (42) Alvarez Mendoza,R (1561)-Cancino,J (1654) Gobernacion 2015}) 12. dxe5 Ne8 13. Qh3 f5 14. Nf3 h6 15. g4 (15. O-O-O $16) 15... fxg4 $1 16. Qxg4 g5 $2 (16... d4 $1 $11 {and Black stays safe.}) 17. h4 d4 18. hxg5 Bxf3 19. Qxf3 Nxe5 20. Qe4 ({Less strong is} 20. Qxa8 Nxd3+ 21. Ke2 Nxf4+ 22. exf4 hxg5 $16) 20... Nxd3+ 21. Qxd3 hxg5 22. O-O-O $2 ({Less strong is} 22. Qg6+ Qg7 $18) (22. Be5 $18 Rf6 23. O-O-O) 22... Rf5 23. Rdg1 Ng7 24. Qe4 Raf8 25. Be5 dxe3 26. fxe3 R8f7 27. Kb1 Qb7 28. Qxb7 Rxb7 29. Bd6 Rd7 30. e4 Rf2 31. e5 Rf5 32. Rh6 Kf7 33. Rh8 Rb7 34. Rgh1 Rd7 35. R1h6 Rf1+ 36. Kc2 Nf5 37. R6h7+ Ng7 38. Rf8+ Kg6 39. Rxg7+ Rxg7 40. Rxf1 g4 41. Bf8 Rh7 42. Kd3 Kg5 43. Ke4 Rh2 44. Be7+ Kh5 45. b4 cxb4 46. cxb4 a5 47. bxa5 bxa5 48. a3 a4 49. Kf4 Re2 50. Rh1+ Kg6 51. Bd6 Rg2 52. Rh4 g3 53. Rg4+ Kh5 54. Rxg3 Rb2 55. Ke4 Kh4 56. Rc3 Kg5 57. Rc4 Rf2 58. Kd4 Kf5 59. Kc5 Ra2 60. Rxa4 Kg6 61. Ra7 Kf5 62. a4 Ke4 63. a5 Rb2 64. a6 Rc2+ 65. Kb6 Rb2+ 66. Kc7 Kd5 67. Rb7 Rc2+ 68. Kd7 Rh2 69. a7 Rh7+ 70. Be7 Rh8 71. Rb8 1-0

[Event "2nd Asian Nations Team Cup U14 2019"]
[Site "Shenzhen"]
[Date "2019.12.23"]
[Round "6.3"]
[White "Li, Yucheng Robinson"]
[Black "Lu, Miaoyi"]
[Result "0-1"]
[ECO "A35"]
[WhiteElo "1185"]
[BlackElo "1787"]
[Annotator "NA RC"]
[PlyCount "166"]
[EventDate "2019.12.19"]
[EventType "team-tourn"]
[EventCountry "CHN"]
[SourceTitle "playchess.com"]
[Source "ChessBase"]
[SourceQuality "1"]
[WhiteTeam "Hong Kong"]
[BlackTeam "China"]
[WhiteTeamCountry "HKG"]
[BlackTeamCountry "CHN"]
[TimeControl "5400+30"]

1. e4 c6 2. d4 d5 3. exd5 cxd5 4. c4 Nf6 5. Nc3 Nc6 6. Nf3 g6 7. cxd5 Nxd5 8. Bc4 Nxc3 9. bxc3 Bg7 10. O-O O-O 11. Bb2 Bg4 12. h3 Bxf3 13. Qxf3 Qc7 14. Bb3 e6 15. Rac1 Rfd8 16. Rfd1 Rac8 17. d5 exd5 18. Rxd5 Ne5 19. Qe3 Rxd5 20. Bxd5 b5 21. Qf4 Nd3 22. Qxc7 Rxc7 23. Rc2 Nb4 24. Rd2 Bxc3 25. Bxc3 Rxc3 26. Bb3 Nd3 27. Re2 Nc1 28. Re8+ Kg7 29. Bd5 Rd3 30. Bc6 a6 31. Ra8 Nxa2 32. Bxb5 axb5 33. Rxa2 Rd7 34. Rb2 Rb7 35. Kf1 Kf6 36. Ke2 Ke5 37. Kd3 Kd5 38. Kc3 Kc5 39. Kb3 Rd7 40. Rc2+ Kb6 41. Re2 Rd3+ 42. Kb4 Rd4+ 43. Kb3 Kc6 44. Rc2+ Kd5 45. Rc7 Rf4 46. f3 Kd6 47. Rb7 Kc6 48. Re7 Rf5 49. Re4 Kc5 50. Kc3 h5 51. Re3 h4 52. Re4 Rg5 53. Re2 f6 54. f4 Rg3+ 55. Kb2 Kd4 56. Kc2 b4 57. Kb2 b3 58. Rf2 Ke3 59. Rf1 Rxg2+ 60. Kxb3 Rg3 61. Kc4 Rxh3 62. Kd5 Rf3 63. Rg1 Rg3 64. Rh1 h3 65. Ke6 Kxf4 66. Kxf6 Kf3 67. Rh2 g5 68. Ra2 g4 69. Kg5 Rg2 70. Ra3+ Ke4 71. Ra4+ Kd3 72. Ra3+ Kc4 73. Ra4+ Kb3 74. Rxg4 Rxg4+ 75. Kxg4 h2 76. Kg3 h1=Q 77. Kg4 Qf1 78. Kh5 Qg2 79. Kh6 Kc4 80. Kh7 Kd5 81. Kh6 Ke6 82. Kh5 Kf5 83. Kh4 Qg4# {[%emt 0:00:00] Kg5+ Qxg5} 0-1

[Event "2nd Asian Nations Team Cup U14 2019"]
[Site "Shenzhen"]
[Date "2019.12.23"]
[Round "6.4"]
[White "Wu, Yixing"]
[Black "Huang, Yuen Tung"]
[Result "1-0"]
[ECO "D79"]
[WhiteElo "1767"]
[BlackElo "1293"]
[Annotator "NA RC"]
[PlyCount "105"]
[EventDate "2019.12.19"]
[EventType "team-tourn"]
[EventCountry "CHN"]
[SourceTitle "playchess.com"]
[Source "ChessBase"]
[SourceQuality "1"]
[WhiteTeam "China"]
[BlackTeam "Hong Kong"]
[WhiteTeamCountry "CHN"]
[BlackTeamCountry "HKG"]
[TimeControl "5400+30"]

1. Nf3 d5 2. g3 g6 3. Bg2 Bg7 4. d4 Nf6 5. O-O O-O 6. c4 c6 7. cxd5 cxd5 8. Ne5 Nbd7 9. Nc3 e6 10. Nd3 a6 11. b3 b5 12. a4 Rb8 13. Bf4 Rb7 14. axb5 axb5 15. Nb4 Re8 16. Ra6 Rb6 17. Nc6 Rxc6 18. Rxc6 e5 19. dxe5 Nxe5 20. Bxe5 Rxe5 21. Nxb5 Qe8 22. Nd4 Bb7 23. Rb6 Ba8 24. e3 Nd7 25. Ra6 Bb7 26. Ra7 Ba8 27. Qa1 Nb6 28. Qa5 Rxe3 29. Qxb6 Rc3 30. Rfa1 Rc8 31. Rd1 Rb8 32. Qa5 Rc8 33. Bxd5 Bxd5 34. Qxd5 Rd8 35. Qc4 Rc8 36. Qa4 Qf8 37. Nc6 Bf6 38. Qe4 Re8 39. Qb4 Qh6 40. Qc4 Rf8 41. Ne7+ Bxe7 42. Rxe7 Qg7 43. Qd4 Qh6 44. Qf6 Qg7 45. Qxg7+ Kxg7 46. Rdd7 Kf6 47. b4 h5 48. b5 Kg7 49. b6 Kg8 50. b7 Kh8 51. Rxf7 Rb8 52. Rc7 Rxb7 53. Rc8# 1-0

[Event "2nd Asian Nations Team Cup U14 2019"]
[Site "Shenzhen"]
[Date "2019.12.23"]
[Round "6.8"]
[White "Khorshidi, Mohammad Javad"]
[Black "Chen, Yuan"]
[Result "1/2-1/2"]
[ECO "D13"]
[WhiteElo "2094"]
[BlackElo "2056"]
[Annotator "NA RC"]
[PlyCount "88"]
[EventDate "2019.12.19"]
[EventType "team-tourn"]
[EventCountry "CHN"]
[SourceTitle "playchess.com"]
[Source "ChessBase"]
[SourceQuality "1"]
[WhiteTeam "Iran"]
[BlackTeam "China"]
[WhiteTeamCountry "IRI"]
[BlackTeamCountry "CHN"]
[TimeControl "5400+30"]

1. d4 d5 2. c4 c6 3. cxd5 cxd5 4. Bf4 Nf6 5. Nc3 e6 6. e3 Bd6 7. Bg3 O-O 8. Bd3 Nc6 9. Nf3 Ne8 {[%emt 0:05:12] D13: Slav Defence: Exchange variation without ...Bf5} (9... h6 10. O-O Bxg3 11. hxg3 Qd6 12. a3 Bd7 13. b4 Rfc8 14. Qb3 e5 15. Nb5 Qe7 16. Nxe5 Nxe5 17. dxe5 Qxe5 18. Nd4 Ne4 19. Bxe4 dxe4 20. Rac1 b6 {½-½ (20) Kiewra,K (2426)-Kamsky,G (2638) Rockville 2016}) 10. Ne5 f5 11. Nxc6 $146 ({Predecessor:} 11. O-O Qf6 12. f4 Qe7 13. Rc1 Bd7 14. Bb5 Rc8 15. Nd3 Nb4 16. Bh4 Nf6 17. a3 Bxb5 18. Bxf6 gxf6 19. Nxb5 Nxd3 20. Qxd3 {½-½ (40) Restas,P (2293)-Simon,N (2148) Heves 2001}) 11... bxc6 12. Bxd6 Qxd6 13. O-O c5 14. dxc5 Qxc5 15. Rc1 Qb4 16. Na4 Nf6 17. b3 Qd6 18. Nc5 Bd7 19. b4 Rfb8 20. Qd2 Bb5 21. Bxb5 Rxb5 22. a4 Rb6 23. b5 Ne4 24. Qd4 h6 25. Na6 Rd8 26. f3 Nf6 27. Qd3 ({Better is} 27. Rfd1 $16) 27... d4 28. exd4 Qxd4+ 29. Qxd4 Rxd4 30. Nc5 Nd7 31. Nxd7 Rxd7 32. Rfd1 Rxd1+ 33. Rxd1 a6 34. Rb1 axb5 35. Rxb5 Rc6 36. Rb7 Ra6 37. Rb4 e5 38. Rb5 Rxa4 39. Rxe5 f4 40. Re7 Kh7 41. Re6 Kg8 42. Re7 Kh7 43. Re6 Kg8 $11 44. Re7 Kh7 1/2-1/2

[Event "2nd Asian Nations Team Cup U14 2019"]
[Site "Shenzhen"]
[Date "2019.12.23"]
[Round "6.10"]
[White "Temuujin, Kherlen"]
[Black "Tsogtbayar, Batlut"]
[Result "0-1"]
[ECO "D11"]
[WhiteElo "1711"]
[BlackElo "1404"]
[Annotator "NA RC"]
[PlyCount "148"]
[EventDate "2019.12.19"]
[EventType "team-tourn"]
[EventCountry "CHN"]
[SourceTitle "playchess.com"]
[Source "ChessBase"]
[SourceQuality "1"]
[WhiteTeam "Mongolia"]
[BlackTeam "Mongolia"]
[WhiteTeamCountry "MGL"]
[BlackTeamCountry "MGL"]
[TimeControl "5400+30"]

1. c4 Nf6 2. g3 c6 3. Nf3 d5 4. d4 dxc4 5. Bg2 Nbd7 6. Nbd2 Nb6 7. Qc2 Bg4 8. e3 Qd5 9. O-O Bf5 10. Qd1 e6 11. Re1 Bg4 12. Qc2 Bxf3 13. Bxf3 Qa5 14. Rd1 Qa4 15. Qxa4 Nxa4 16. Nxc4 Nb6 17. Na5 Rb8 18. Nxb7 Rxb7 19. Bxc6+ Rd7 20. Bd2 Kd8 21. Bxd7 Kxd7 22. Rdc1 Be7 23. f3 Rc8 24. Rxc8 Nxc8 25. e4 Ne8 26. Kf2 Bd8 27. Ke2 Bb6 28. Kd3 Ne7 29. Bc3 g6 30. b4 a6 31. a4 f5 32. Rb1 Nc7 33. Kc4 Nc8 34. Kd3 Nd6 35. Re1 h5 36. Re2 Nc8 37. Ra2 Nd6 38. Re2 Nf7 39. Re1 Ng5 40. Rf1 Ne8 41. Bd2 Nf7 42. Bc3 Nc7 43. Rb1 Nd6 44. Re1 Na8 45. Rb1 Bd8 46. Re1 Nb6 47. Ra1 Nbc8 48. Rb1 Nb6 49. Ra1 g5 50. h3 g4 51. hxg4 hxg4 52. e5 Nf7 53. fxg4 fxg4 54. b5 axb5 55. axb5 Nc8 56. Ra6 Bb6 57. Bb4 Kc7 58. Ra1 Nh6 59. Rh1 Nf5 60. Rh7+ Kb8 61. Bc5 Bc7 62. Rh8 Kb7 63. Rh7 Nb6 64. Bd6 Nd5 65. Bxc7 Nxc7 66. Kc4 Nxg3 67. Kb4 Nf5 68. Kc5 g3 69. Rh8 Nd5 70. Rg8 Nf4 71. Rf8 Ng6 72. Rf7+ Nge7 73. d5 g2 74. Rxe7+ Nxe7 0-1

[Event "2nd Asian Nations Team Cup U14 2019"]
[Site "Shenzhen"]
[Date "2019.12.23"]
[Round "6.13"]
[White "Han, Xuqian Ben"]
[Black "Yeoh, Yuan Hui"]
[Result "0-1"]
[ECO "B19"]
[WhiteElo "1714"]
[BlackElo "1738"]
[Annotator "NA RC"]
[PlyCount "74"]
[EventDate "2019.12.19"]
[EventType "team-tourn"]
[EventCountry "CHN"]
[SourceTitle "playchess.com"]
[Source "ChessBase"]
[SourceQuality "1"]
[WhiteTeam "Hong Kong"]
[BlackTeam "Malaysia"]
[WhiteTeamCountry "HKG"]
[BlackTeamCountry "MAS"]
[TimeControl "5400+30"]

1. e4 c6 2. d4 d5 3. Nd2 dxe4 4. Nxe4 Bf5 5. Ng3 Bg6 6. h4 h6 7. Nf3 Nd7 8. h5 Bh7 9. Bd3 Bxd3 10. Qxd3 e6 11. Bd2 Ngf6 12. O-O-O Be7 13. Kb1 O-O 14. Ne4 Nxe4 15. Qxe4 Nf6 16. Qe2 Qd5 17. Be3 a5 18. g4 Nxg4 19. Rdg1 f5 20. Bc1 Kh8 21. Nh2 Qxd4 22. Nxg4 fxg4 23. Be3 Qe5 24. Rxg4 Bf6 25. c3 a4 26. Qc2 a3 27. Bd4 Qd5 28. Rhg1 axb2 29. Qxb2 e5 30. Be3 Ra5 31. c4 Qd3+ 32. Kc1 e4 33. Qb4 Rfa8 34. Rd1 Qe2 35. Rxe4 Rxa2 36. Qb1 Ra1 37. Re8+ Rxe8 0-1

[Event "2nd Asian Nations Team Cup U14 2019"]
[Site "Shenzhen"]
[Date "2019.12.23"]
[Round "6.14"]
[White "Foo, Jiu Yarng Clarance"]
[Black "Kannappan, Thanneermalai"]
[Result "1-0"]
[ECO "E24"]
[WhiteElo "1654"]
[BlackElo "1495"]
[Annotator "NA RC"]
[PlyCount "65"]
[EventDate "2019.12.19"]
[EventType "team-tourn"]
[EventCountry "CHN"]
[SourceTitle "playchess.com"]
[Source "ChessBase"]
[SourceQuality "1"]
[WhiteTeam "Malaysia"]
[BlackTeam "Hong Kong"]
[WhiteTeamCountry "MAS"]
[BlackTeamCountry "HKG"]
[TimeControl "5400+30"]

1. d4 Nf6 2. c4 e6 3. Nc3 Bb4 4. a3 Bxc3+ 5. bxc3 c5 6. Nf3 b6 7. Bf4 Bb7 8. e3 O-O 9. Be2 d5 10. O-O Ne4 11. Qb3 Nd7 12. Rfd1 Qe7 13. Rac1 Rac8 14. cxd5 exd5 15. c4 Ba6 16. dxc5 Ndxc5 17. Qb4 Rfd8 18. Nd4 dxc4 19. Bxc4 Bxc4 20. Qxc4 Qd7 21. f3 Nf6 22. Qe2 Qa4 23. Bg5 Rd6 24. Nf5 Rxd1+ 25. Rxd1 Re8 26. Bxf6 gxf6 27. Qe1 Kh8 28. Nh6 Rxe3 29. Rd8+ Kg7 30. Rg8+ Kxh6 31. Qxe3+ Kh5 32. g4+ Kh4 33. Qh6# 1-0

[Event "2nd Asian Nations Team Cup U14 2019"]
[Site "Shenzhen"]
[Date "2019.12.23"]
[Round "6.15"]
[White "Liu, Fung Ming Mathew"]
[Black "Lee, Ryan"]
[Result "0-1"]
[ECO "B34"]
[WhiteElo "1493"]
[BlackElo "1615"]
[Annotator "NA RC"]
[PlyCount "72"]
[EventDate "2019.12.19"]
[EventType "team-tourn"]
[EventCountry "CHN"]
[SourceTitle "playchess.com"]
[Source "ChessBase"]
[SourceQuality "1"]
[WhiteTeam "Hong Kong"]
[BlackTeam "Malaysia"]
[WhiteTeamCountry "HKG"]
[BlackTeamCountry "MAS"]
[TimeControl "5400+30"]

1. e4 c5 2. Nf3 Nc6 3. d4 cxd4 4. Nxd4 g6 5. Nc3 Bg7 6. Be3 Nf6 7. f3 O-O 8. g4 Qb6 9. a3 Nxe4 10. fxe4 Nxd4 11. Na4 Nxc2+ 12. Qxc2 Qxe3+ 13. Be2 d6 14. h3 Be6 15. Nc3 Rac8 16. Rc1 Bc4 17. Kd1 Bh6 18. Ra1 Bb3 19. Ke1 Bxc2 20. Kf1 Bxe4 21. Rh2 Bf4 22. Rf2 Bg3 23. Nxe4 Bxf2 24. Nxf2 Rc1+ 25. Rxc1 Qxc1+ 26. Kg2 Qxb2 27. Bf3 Rc8 28. Kg3 Qxa3 29. Kg2 Rc2 30. Be4 Rd2 31. Kf1 Qe3 32. Nh1 Rd1+ 33. Kg2 Qxe4+ 34. Kg3 Qe3+ 35. Kh4 Rxh1 36. g5 Qf4# 0-1

[Event "2nd Asian Nations Team Cup U14 2019"]
[Site "Shenzhen"]
[Date "2019.12.23"]
[Round "6.16"]
[White "Foo, Jing Er Claire"]
[Black "Lee, Gerent Chak Yan"]
[Result "0-1"]
[ECO "D55"]
[WhiteElo "1546"]
[BlackElo "1450"]
[Annotator "NA RC"]
[PlyCount "110"]
[EventDate "2019.12.19"]
[EventType "team-tourn"]
[EventCountry "CHN"]
[SourceTitle "playchess.com"]
[Source "ChessBase"]
[SourceQuality "1"]
[WhiteTeam "Malaysia"]
[BlackTeam "Hong Kong"]
[WhiteTeamCountry "MAS"]
[BlackTeamCountry "HKG"]
[TimeControl "5400+30"]

1. d4 Nf6 2. c4 e6 3. Nf3 d5 4. Bg5 Be7 5. Nc3 O-O 6. e3 b6 7. cxd5 exd5 8. Bd3 Bb7 9. O-O Ne4 10. Bxe7 Qxe7 11. Qc2 Nd7 12. a4 a6 13. Be2 Rac8 14. Bd3 h6 15. Rac1 c5 16. Qe2 Nxc3 17. Rxc3 c4 18. Bf5 g6 19. Bxd7 Qxd7 20. Ra1 b5 21. Ne5 Qf5 22. g4 Qe6 23. f4 b4 24. Rcc1 Kh7 25. Qf3 Rg8 26. Kh1 Rc7 27. f5 gxf5 28. gxf5 Qf6 29. Rg1 Rxg1+ 30. Rxg1 c3 31. bxc3 bxc3 32. Qg4 Qg5 33. Qxg5 hxg5 34. Rc1 f6 35. Nd3 Rc4 36. Nc5 Bc8 37. e4 dxe4 38. Nxe4 Bb7 39. Kg1 Bxe4 40. Kf2 Bxf5 41. Ke3 c2 42. d5 Kg6 43. a5 Kf7 44. d6 Ke6 45. h4 gxh4 46. d7 Kxd7 47. Ke2 Rb4 48. Rf1 Rb1 49. Rxf5 c1=Q 50. Rd5+ Ke6 51. Rd2 Qf1+ 52. Ke3 Rb3+ 53. Kd4 Qf4+ 54. Kc5 Qb4+ 55. Kc6 Qc4# 0-1

[Event "2nd Asian Nations Team Cup U14 2019"]
[Site "Shenzhen"]
[Date "2019.12.23"]
[Round "6.17"]
[White "Wang, Benchi"]
[Black "Wei, Jianzhou"]
[Result "0-1"]
[ECO "D00"]
[WhiteElo "1747"]
[BlackElo "1755"]
[Annotator "NA RC"]
[PlyCount "93"]
[EventDate "2019.12.19"]
[EventType "team-tourn"]
[EventCountry "CHN"]
[SourceTitle "playchess.com"]
[Source "ChessBase"]
[SourceQuality "1"]
[WhiteTeam "China"]
[BlackTeam "China"]
[WhiteTeamCountry "CHN"]
[BlackTeamCountry "CHN"]
[TimeControl "5400+30"]

1. d4 d5 2. Bf4 Nf6 3. e3 e6 4. Nd2 c5 5. c3 Bd6 6. Bb5+ Nc6 7. Bxc6+ bxc6 8. Bxd6 Qxd6 9. Ngf3 Ba6 10. Qa4 Bb5 11. Qa3 Nd7 12. Nb3 O-O 13. Nxc5 Nxc5 14. Qxc5 Qc7 15. a4 Ba6 16. b4 Rfc8 17. Nd2 Rab8 18. Nb3 Bc4 19. Ra3 Rb6 20. Nd2 Bd3 21. f4 a6 22. Kf2 Rcb8 23. Rc1 Bf5 24. c4 Rxb4 25. cxd5 Rb2 26. Ke1 exd5 27. Qxc6 Qe7 28. Rac3 g6 29. g3 Rxd2 30. Kxd2 Qe4 31. Qc7 Qg2+ 32. Ke1 Rb2 33. R3c2 Qg1+ 34. Ke2 Qxh2+ 35. Kd1 Qg1+ 36. Ke2 Qg2+ 37. Ke1 Qxg3+ 38. Ke2 Qg2+ 39. Ke1 Rxc2 40. Rxc2 Qxc2 41. Qd8+ Kg7 42. Qxd5 Qe4 43. Qb3 Qb1+ 44. Qxb1 Bxb1 45. d5 Be4 46. d6 Kf6 47. d7 {[%emt 0:00:07] Ke5} 0-1

[Event "2nd Asian Nations Team Cup U14 2019"]
[Site "Shenzhen"]
[Date "2019.12.23"]
[Round "6.18"]
[White "Meng, Yihan"]
[Black "Zhang, Yuanxiao"]
[Result "1-0"]
[ECO "C54"]
[WhiteElo "1787"]
[BlackElo "1545"]
[Annotator "NA RC"]
[PlyCount "87"]
[EventDate "2019.12.19"]
[EventType "team-tourn"]
[EventCountry "CHN"]
[SourceTitle "playchess.com"]
[Source "ChessBase"]
[SourceQuality "1"]
[WhiteTeam "China"]
[BlackTeam "China"]
[WhiteTeamCountry "CHN"]
[BlackTeamCountry "CHN"]
[TimeControl "5400+30"]

1. e4 e5 2. Nf3 Nc6 3. Bc4 Bc5 4. c3 Nf6 5. d3 d6 6. O-O O-O 7. Nbd2 Be6 8. Bb3 d5 9. Qe2 Re8 10. exd5 Bxd5 11. Ne4 Nxe4 12. dxe4 Bxb3 13. axb3 a6 14. Bg5 Qd6 15. Nh4 Qe6 16. Nf5 Qxb3 17. Bf6 Qe6 18. Bxg7 Ne7 19. Qf3 c6 20. b4 Bb6 21. h4 Bc7 22. h5 h6 23. Nxe7+ Kxg7 24. Nf5+ Kh7 25. Rfd1 Red8 26. Qe3 Rxd1+ 27. Rxd1 a5 28. bxa5 Rxa5 29. Rd7 Bb6 30. Qg3 Qf6 31. Rd6 Ra1+ 32. Kh2 Bxf2 33. Rxf6 Bxg3+ 34. Kxg3 Ra3 35. Rxf7+ Kh8 36. Rxb7 Rxc3+ 37. Kg4 Rc4 38. Nxh6 Rxe4+ 39. Kf5 Re2 40. g4 Rd2 41. Nf7+ Kg7 42. Nxe5+ Kg8 43. h6 Rd1 44. h7+ 1-0

[Event "2nd Asian Nations Team Cup U14 2019"]
[Site "Shenzhen"]
[Date "2019.12.24"]
[Round "7.2"]
[White "Lam, Chun Yung Samuel"]
[Black "Wei, Jianzhou"]
[Result "0-1"]
[ECO "A07"]
[WhiteElo "1288"]
[BlackElo "1755"]
[Annotator "NA RC"]
[PlyCount "150"]
[EventDate "2019.12.19"]
[EventType "team-tourn"]
[EventCountry "CHN"]
[SourceTitle "playchess.com"]
[Source "ChessBase"]
[SourceQuality "1"]
[WhiteTeam "Hong Kong"]
[BlackTeam "China"]
[WhiteTeamCountry "HKG"]
[BlackTeamCountry "CHN"]
[TimeControl "5400+30"]

1. Nf3 d5 2. g3 Nf6 3. Bg2 c6 4. O-O Bf5 5. d3 h6 6. Nbd2 e6 7. Qe1 Be7 8. e4 dxe4 9. dxe4 Bh7 10. Qe2 O-O 11. Re1 Nbd7 12. c3 Nc5 13. e5 Nd5 14. Nf1 Qc7 15. h4 Rad8 16. Nd4 Nd3 17. Rd1 Qxe5 18. Qg4 Nf6 19. Qf3 c5 20. Nb3 Be4 21. Qe3 c4 22. Nd4 Bc5 23. Nd2 Bxg2 24. Kxg2 Qd5+ 25. N2f3 e5 26. Nf5 Bxe3 27. Ne7+ Kh8 28. Nxd5 Bxc1 29. Nxf6 Nf4+ 30. gxf4 Rxd1 31. Ne4 exf4 32. Nd4 Rd8 33. f3 R1xd4 34. cxd4 Bxb2 35. Rb1 c3 36. Nxc3 Bxc3 37. Rxb7 Bxd4 38. Rxf7 Be3 39. a4 Rd2+ 40. Kh3 Ra2 41. Kg4 Rxa4 42. Kf5 Kh7 43. h5 Ra5+ 44. Kg4 Rg5+ 45. Kh4 a5 46. Rf8 Bf2+ 47. Kh3 Rxh5+ 48. Kg4 Rh4+ 49. Kf5 Be3 50. Ra8 Rh5+ 51. Kg4 Rb5 52. Kh4 h5 53. Ra6 Bf2+ 54. Kh3 Be1 55. Ra7 Rg5 56. Ra6 Rg3+ 57. Kh2 Rxf3 58. Ra7 Bg3+ 59. Kg2 Rf2+ 60. Kg1 Ra2 61. Rb7 h4 62. Rb5 Kg6 63. Rb6+ Kg5 64. Rb1 Kg4 65. Rd1 f3 66. Kh1 Rh2+ 67. Kg1 f2+ 68. Kf1 Rh1+ 69. Kg2 Rg1+ 70. Rxg1 fxg1=Q+ 71. Kxg1 Kf3 72. Kh1 a4 73. Kg1 a3 74. Kh1 a2 75. Kg1 a1=R# 0-1

[Event "2nd Asian Nations Team Cup U14 2019"]
[Site "Shenzhen"]
[Date "2019.12.24"]
[Round "7.3"]
[White "Meng, Yihan"]
[Black "Li, Yucheng Robinson"]
[Result "1-0"]
[ECO "B22"]
[WhiteElo "1787"]
[BlackElo "1185"]
[Annotator "NA RC"]
[PlyCount "123"]
[EventDate "2019.12.19"]
[EventType "team-tourn"]
[EventCountry "CHN"]
[SourceTitle "playchess.com"]
[Source "ChessBase"]
[SourceQuality "1"]
[WhiteTeam "China"]
[BlackTeam "Hong Kong"]
[WhiteTeamCountry "CHN"]
[BlackTeamCountry "HKG"]
[TimeControl "5400+30"]

1. e4 c5 2. Nf3 Nc6 3. c3 d6 4. d4 cxd4 5. cxd4 Bg4 6. d5 Nb8 7. h3 Bxf3 8. Qxf3 Nd7 9. Nc3 Ngf6 10. Bd3 g6 11. O-O Bg7 12. Qe2 O-O 13. f4 Nc5 14. Bc2 Nfd7 15. h4 Nb6 16. h5 e6 17. hxg6 hxg6 18. Rd1 exd5 19. Nxd5 Nxd5 20. Rxd5 Qb6 21. Be3 Qxb2 22. Rb1 Qxa2 23. Rxd6 Nxe4 24. Rxg6 Qxb1+ 25. Bxb1 fxg6 26. Bxe4 Rf6 27. Bxb7 Rb8 28. Qa2+ Kh8 29. Qxa7 Re8 30. Bd4 Rf7 31. Bxg7+ Rxg7 32. Qd4 Kh7 33. Bf3 Rge7 34. Qf6 Re1+ 35. Kf2 R1e7 36. Kg3 Ra7 37. f5 gxf5 38. Qxf5+ Kg7 39. Qg5+ Kf8 40. Qc5+ Ree7 41. Kh4 Ra4+ 42. Kg5 Raa7 43. Kf6 Ra6+ 44. Bc6 Raa7 45. Qd6 Kg8 46. Qd8+ Kh7 47. Qxe7+ Rxe7 48. Kxe7 Kg6 49. Ke6 Kg5 50. Bf3 Kf4 51. Kf6 Kg3 52. Kf5 Kh4 53. g4 Kg3 54. g5 Kxf3 55. g6 Ke3 56. g7 Kf3 57. g8=Q Ke3 58. Qc4 Kf3 59. Qd3+ Kf2 60. Kg4 Kg1 61. Kg3 Kh1 62. Qf1# 1-0

[Event "2nd Asian Nations Team Cup U14 2019"]
[Site "Shenzhen"]
[Date "2019.12.24"]
[Round "7.4"]
[White "Huang, Yuen Tung"]
[Black "Zhao, Yunqing"]
[Result "1/2-1/2"]
[ECO "B52"]
[WhiteElo "1293"]
[BlackElo "1542"]
[Annotator "NA RC"]
[PlyCount "105"]
[EventDate "2019.12.19"]
[EventType "team-tourn"]
[EventCountry "CHN"]
[SourceTitle "playchess.com"]
[Source "ChessBase"]
[SourceQuality "1"]
[WhiteTeam "Hong Kong"]
[BlackTeam "China"]
[WhiteTeamCountry "HKG"]
[BlackTeamCountry "CHN"]
[TimeControl "5400+30"]

1. e4 c5 2. Nf3 d6 3. Bb5+ Bd7 4. Bxd7+ Qxd7 5. Nc3 Nf6 6. O-O g6 7. d3 Bg7 8. h3 O-O 9. Bg5 Nc6 10. Qd2 Rab8 11. Rad1 b5 12. a3 a5 13. Ne2 b4 14. a4 Rfc8 15. b3 Rb7 16. Ng3 Nd4 17. Nh2 Qc6 18. Ne2 Qb6 19. Rfe1 h5 20. Nf1 Nh7 21. Be3 Nf8 22. Nf4 e6 23. Rc1 Nd7 24. f3 Ne5 25. Qf2 Kh7 26. Nd2 Qd8 27. Ne2 Nec6 28. Kh1 Nxe2 29. Rxe2 Nd4 30. Ree1 d5 31. f4 Rbc7 32. Nf3 Nxf3 33. Qxf3 d4 34. Bf2 Qd7 35. Rf1 Re8 36. Bg3 f5 37. e5 Qc6 38. Qxc6 Rxc6 39. h4 Kg8 40. Kg1 Bh6 41. Rf3 Rd8 42. Kf2 Rd5 43. Rd1 Rc8 44. Kf1 Kf7 45. Ke2 Rcd8 46. Ke1 R8d7 47. Ke2 Rc7 48. Ke1 Rc8 49. Ke2 Bf8 50. Ke1 Be7 51. Ke2 Rdd8 52. Ke1 Rc6 53. Kf1 1/2-1/2

[Event "2nd Asian Nations Team Cup U14 2019"]
[Site "Shenzhen"]
[Date "2019.12.24"]
[Round "7.5"]
[White "Yeoh, Yuan Hui"]
[Black "Wang, Benchi"]
[Result "0-1"]
[ECO "E83"]
[WhiteElo "1738"]
[BlackElo "1747"]
[Annotator "NA RC"]
[PlyCount "100"]
[EventDate "2019.12.19"]
[EventType "team-tourn"]
[EventCountry "CHN"]
[SourceTitle "playchess.com"]
[Source "ChessBase"]
[SourceQuality "1"]
[WhiteTeam "Malaysia"]
[BlackTeam "China"]
[WhiteTeamCountry "MAS"]
[BlackTeamCountry "CHN"]
[TimeControl "5400+30"]

1. d4 Nf6 2. c4 g6 3. Nc3 Bg7 4. e4 d6 5. f3 O-O 6. Be3 Nc6 7. Nge2 a6 8. Qd2 Na5 9. Nc1 Nd7 10. b4 Nc6 11. a3 e5 12. Nb3 exd4 13. Nxd4 a5 14. Rb1 axb4 15. axb4 Nxd4 16. Bxd4 Ne5 17. Be2 Be6 18. Nd5 c6 19. Nb6 Ra6 20. Qe3 Nxf3+ 21. gxf3 Bxd4 22. Qxd4 Qxb6 23. Qxd6 Rd8 24. Qf4 Qd4 25. Qc1 Ra2 26. Rf1 Rxe2+ 27. Kxe2 Bxc4+ 28. Ke1 Bxf1 29. Kxf1 Ra8 30. Qc2 Qe3 31. Kg2 Ra3 32. Rf1 Rd3 33. Rf2 Rc3 34. Qa2 Qg5+ 35. Kf1 Rc1+ 36. Ke2 Qb5+ 37. Kd2 Rc4 38. Qa8+ Kg7 39. Qe8 Qxb4+ 40. Ke3 Qc5+ 41. Kf4 Qxf2 42. Qe5+ f6 43. Qe7+ Kh6 44. Qf8+ Kh5 45. Qxf6 Qd2+ 46. Kg3 Qg5+ 47. Qxg5+ Kxg5 48. f4+ Kf6 49. e5+ Kf5 50. e6 Kxe6 0-1

[Event "2nd Asian Nations Team Cup U14 2019"]
[Site "Shenzhen"]
[Date "2019.12.24"]
[Round "7.6"]
[White "Zhang, Yuanxiao"]
[Black "Foo, Jiu Yarng Clarance"]
[Result "1-0"]
[ECO "B22"]
[WhiteElo "1545"]
[BlackElo "1654"]
[Annotator "NA RC"]
[PlyCount "85"]
[EventDate "2019.12.19"]
[EventType "team-tourn"]
[EventCountry "CHN"]
[SourceTitle "playchess.com"]
[Source "ChessBase"]
[SourceQuality "1"]
[WhiteTeam "China"]
[BlackTeam "Malaysia"]
[WhiteTeamCountry "CHN"]
[BlackTeamCountry "MAS"]
[TimeControl "5400+30"]

1. e4 c5 2. c3 d5 3. exd5 Qxd5 4. d4 Nc6 5. Nf3 Bf5 6. Be2 cxd4 7. cxd4 Bxb1 8. Rxb1 e6 9. a3 Nf6 10. O-O Bd6 11. Be3 O-O 12. Qd3 Ne7 13. Bg5 Nd7 14. b4 Nf5 15. Bd1 Ne5 16. Nxe5 Bxe5 17. Bf3 Qxd4 18. Qxd4 Nxd4 19. Bxb7 Rab8 20. Ba6 h6 21. Be7 Rfe8 22. Bc5 Nb5 23. Bxb5 Rxb5 24. a4 Rb7 25. b5 Rc8 26. Rfc1 Rcb8 27. g3 Bc7 28. Rb3 Bb6 29. Bb4 Bd4 30. Rd3 e5 31. Rc6 Rd8 32. Kf1 Ra8 33. Ba5 a6 34. b6 Rab8 35. Rb3 f6 36. Ke2 Rd7 37. Rc7 Rd5 38. b7 Ba7 39. Bb6 Bxb6 40. Rxb6 a5 41. Rc8+ Rd8 42. Rxd8+ Rxd8 43. b8=Q 1-0